[Event "OKU 2009"]
[Site "Utrecht, NED"]
[Date "2009.06.06"]
[Round "4.8"]
[White "Bitalzadeh, Ali"]
[Black "Goes, Sten"]
[Result "1-0"]
[WhiteElo "2449"]
[BlackElo "2089"]
[ECO "E99"]
[EventDate "2009.06.05"]
[WhiteTitle "IM"]
[Opening "King's Indian"]
[Variation "Mar del Plata, 10.f3 f5 11.Nd3 Nf6 12.Bd2 f4 13.c5"]
[TimeControl "6900+5"]
[Annotator "Van Aurich, Rob"]
[PlyCount "77"]
[WhiteTeam "xxx"]
[BlackTeam "xxx"]
[WhiteTeamCountry "NED"]
[BlackTeamCountry "NED"]
[EventType "swiss"]
[EventRounds "6"]
[EventCountry "NED"]
[SourceDate "2009.06.06"]
[WhiteCountry "NED"]
[BlackCountry "NED"]
[EnteredBy "Van Aurich, Rob"]
[Copyright "©SV PaulKeres 2009 (Fide rules 8.3)"]

1.d4 Nf6 2.c4 g6 3.Nc3 Bg7 4.e4 d6 5.Nf3 O-O 6.Be2 e5 7.O-O Nc6 8.d5 Ne7 
9.Ne1 Nd7 10.Nd3 f5 11.Bd2 Nf6 12.f3 f4 13.c5 g5 14.Rc1 h5 15.Nb5 Ne8 16.
Ba5 b6 17.cxb6 cxb6 18.Be1 a6 19.Nc3 Ng6 20.Nb4 Nf6 21.Nc6 Qe8 22.Na4 Nd7 
23.Bf2 b5 24.Nb6 Nxb6 25.Bxb6 Bf6 26.Bc7 Qd7 27.Na5 g4 28.Rc6 Be7 29.Qc2 
g3 30.h3 Nh4 31.Bd3 Rf6 32.Rc1 Rf8 33.Bf1 Kh8 34.a4 bxa4 35.Nc4 Qe8 36.
Nxd6 Bxd6 37.Bxd6 Rg8 38.Qc3 Bxh3 39.Qxe5+ 1-0

[Event "OKU 2010"]
[Site "Utrecht, NED"]
[Date "2010.06.04"]
[Round "1.1"]
[White "Ikonnikov, Vyacheslav"]
[Black "Goes, Sten"]
[Result "1-0"]
[WhiteElo "2560"]
[BlackElo "2068"]
[ECO "E99"]
[EventDate "2010.06.04"]
[WhiteTitle "GM"]
[Opening "King's Indian"]
[Variation "Mar del Plata, 10.f3 f5 11.Be3 f4 12.Bf2 g5 13.a4 Ng6"]
[TimeControl "6900+5"]
[Annotator "Van Aurich, Rob"]
[Section "A"]
[PlyCount "73"]
[WhiteTeam "xxx"]
[BlackTeam "xxx"]
[WhiteTeamCountry "NED"]
[BlackTeamCountry "NED"]
[EventType "swiss"]
[EventRounds "6"]
[EventCountry "NED"]
[SourceDate "2010.06.04"]
[WhiteCountry "RUS"]
[BlackCountry "NED"]
[EnteredBy "Van Aurich, Rob"]
[Copyright "©SV PaulKeres 2010 (Fide rules 8.3)"]

1.d4 Nf6 2.Nf3 g6 3.c4 Bg7 4.Nc3 O-O 5.e4 d6 6.Be2 e5 7.O-O Nc6 8.d5 Ne7 
9.Ne1 Nd7 10.Be3 f5 11.f3 f4 12.Bf2 g5 13.a4 Ng6 14.a5 h5 15.Nb5 Nf6 16.
Nxa7 Rxa7 17.Bxa7 g4 18.Kh1 g3 19.Bg1 h4 20.h3 Bd7 21.a6 bxa6 22.c5 Nh7 
23.Bxa6 Bxh3 24.gxh3 Qd7 25.Qe2 Qxh3+ 26.Bh2 Ng5 27.c6 Bh6 28.Ra3 Kh7 29.
b4 Rf7 30.b5 gxh2 31.b6 cxb6 32.Qxh2 Qg3 33.Rg1 Nxe4 34.Rxg3 fxg3 35.Qc2 
Nf2+ 36.Kg2 Bf4 37.Bc8 1-0

[Event "OKU 2010"]
[Site "Utrecht, NED"]
[Date "2010.06.05"]
[Round "2.17"]
[White "Goes, Sten"]
[Black "Van der Vegt, Seth"]
[Result "0-1"]
[WhiteElo "2068"]
[BlackElo "1970"]
[ECO "C02s"]
[EventDate "2010.06.04"]
[Opening "French"]
[Variation "Advance, Milner-Barry Gambit"]
[TimeControl "6900+5"]
[Annotator "Van Aurich, Rob"]
[PlyCount "66"]
[WhiteTeam "De Zwarte Olifant"]
[BlackTeam "DSC"]
[WhiteTeamCountry "NED"]
[BlackTeamCountry "NED"]
[EventType "swiss"]
[EventRounds "6"]
[EventCountry "NED"]
[SourceDate "2010.06.04"]
[WhiteCountry "NED"]
[BlackCountry "NED"]
[EnteredBy "Van Aurich, Rob"]
[Copyright "©SV PaulKeres 2010 (Fide rules 8.3)"]

1.e4 e6 2.d4 d5 3.e5 c5 4.c3 Nc6 5.Nf3 Qb6 6.Bd3 cxd4 7.cxd4 Bd7 8.O-O 
Nxd4 9.Nxd4 Qxd4 10.Nc3 a6 11.Qe2 Rc8 12.Kh1 Bc5 13.Bg5 h6 14.Bd2 h5 15.
Rad1 Qh4 16.f4 Nh6 17.h3 Ng4 18.Be1 Qd8 19.Bd2 Qb6 20.f5 Nf2+ 21.Rxf2 Bxf2
22.f6 g6 23.Rf1 Bc5 24.Bg5 Bb4 25.Bxg6 Bxc3 26.bxc3 Rxc3 27.Bxh5 Bb5 28.
Bxf7+ Kxf7 29.Qg4 Bxf1 30.Be3 Bxg2+ 31.Kxg2 Qb2+ 32.Kf1 Qb1+ 33.Ke2 Qd3+ 
0-1

[Event "OKU 2010"]
[Site "Utrecht, NED"]
[Date "2010.06.05"]
[Round "3.23"]
[White "Sparreboom, Wil"]
[Black "Goes, Sten"]
[Result "0-1"]
[WhiteElo "1970"]
[BlackElo "2068"]
[ECO "E62o"]
[EventDate "2010.06.04"]
[Opening "King's Indian"]
[Variation "Fianchetto, 6...Nc6 7.O-O Rb8"]
[TimeControl "6900+5"]
[Annotator "Van Aurich, Rob"]
[PlyCount "80"]
[WhiteTeam "RSR Ivoren Toren"]
[BlackTeam "De Zwarte Olifant"]
[WhiteTeamCountry "NED"]
[BlackTeamCountry "NED"]
[EventType "swiss"]
[EventRounds "6"]
[EventCountry "NED"]
[SourceDate "2010.06.04"]
[WhiteCountry "NED"]
[BlackCountry "NED"]
[EnteredBy "Van Aurich, Rob"]
[Copyright "©SV PaulKeres 2010 (Fide rules 8.3)"]

1.d4 Nf6 2.c4 g6 3.Nc3 Bg7 4.g3 O-O 5.Bg2 d6 6.Nf3 Nc6 7.O-O Rb8 8.e4 Bg4 
9.h3 Bxf3 10.Bxf3 e5 11.d5 Nd4 12.Bg2 c5 13.dxc6 bxc6 14.b3 Nd7 15.Be3 Nc5
16.Rb1 Nce6 17.Qd2 Qa5 18.Rb2 Qb4 19.Rfb1 a5 20.Na4 Rfd8 21.Qe1 Qxe1+ 22.
Rxe1 f5 23.Bd2 Ra8 24.f3 Bf6 25.Kf2 f4 26.g4 Bh4+ 27.Kf1 Bxe1 28.Bxe1 Rdb8
29.Rd2 Nc5 30.Nb2 g5 31.Bf2 a4 32.Bxd4 axb3 33.axb3 Nxb3 34.Rd1 Nxd4 35.
Nd3 Ra2 36.Kg1 c5 37.Kh1 Rb3 38.h4 h6 39.Kh2 Nxf3+ 40.Kh3 Nxh4 0-1

[Event "ROC Novacollege-toernooi"]
[Site "Haarlem"]
[Date "2008.06.27"]
[Round "1.38"]
[White "Kuijper, Hans"]
[Black "Goes, Sten"]
[Result "0-1"]
[WhiteElo "1568"]
[BlackElo "1976"]
[ECO "D94"]
[EventDate "2008.06.??"]
[Opening "Grünfeld"]
[Variation "Slav/Schlecter, 6.Be2 O-O 7.O-O"]
[TimeControl "120"]
[PlyCount "92"]
[EventType "swiss"]
[EventRounds "6"]
[EventCountry "NED"]

{79MB, power.ctg, FUJITSU} 
1.d4 Nf6 2.Nf3 g6 3.e3 Bg7 4.Be2 O-O 5.O-O d5 6.c4 c6 7.Nc3 Bf5 8.b3 Nbd7 
9.Bb2 Re8 10.Bd3 Bxd3 11.Qxd3 Qa5 12.a3 Rad8 13.b4 Qc7 14.cxd5 Nxd5 15.
Nxd5 cxd5 16.Rac1 Qd6 17.Rc2 Nb6 18.Nd2 Rc8 19.Rfc1 Qd7 20.g3 e6 21.Ba1 
Bf8 22.Qb3 Bd6 23.Kg2 Kf8 24.Kf1 Ke7 25.Ke2 h5 26.h4 Qb5+ 27.Ke1 Kd7 28.
Rxc8 Rxc8 29.Rxc8 Kxc8 30.Qc3+ Kd7 31.Qc2 a5 32.bxa5 Qxa5 33.Qb3 Bxa3 34.
Bc3 Qa6 35.e4 Be7 36.exd5 Nxd5 37.Ne4 Qc6 38.Bb2 b5 39.f3 Qc4 40.Qxc4 bxc4
41.Kd1 Kc6 42.Kd2 Kb5 43.Bc3 f5 44.Nf2 Nxc3 45.Kxc3 Bb4+ 46.Kc2 Be1 0-1

[Event "ROC Novacollege-toernooi"]
[Site "Haarlem"]
[Date "2008.06.28"]
[Round "2.7"]
[White "Goes, Sten"]
[Black "Ris, Robert"]
[Result "1/2-1/2"]
[WhiteElo "1976"]
[BlackElo "2394"]
[ECO "B33n"]
[EventDate "2008.06.??"]
[Opening "Sicilian"]
[Variation "Pelikan, Chelyabinsk, 9.Nd5 Be7, 11.c3"]
[TimeControl "120"]
[PlyCount "52"]
[EventType "swiss"]
[EventRounds "6"]
[EventCountry "NED"]

{79MB, power.ctg, FUJITSU} 
1.e4 c5 2.Nf3 e6 3.d4 cxd4 4.Nxd4 Nf6 5.Nc3 Nc6 6.Ndb5 d6 7.Bf4 e5 8.Bg5 
a6 9.Na3 b5 10.Nd5 Be7 11.Bxf6 Bxf6 12.c3 Ne7 13.Nxf6+ gxf6 14.Nc2 Bb7 15.
Bd3 d5 16.exd5 Qxd5 17.Ne3 Qe6 18.Qc2 O-O-O 19.Be4 Bxe4 20.Qxe4 Kb8 21.a4 
f5 22.Qb4 Nc6 23.Qc5 Na5 24.Qb4 Nc6 25.Qc5 Na5 26.Qb4 Nc6 1/2-1/2

[Event "ROC Novacollege-toernooi"]
[Site "Haarlem"]
[Date "2008.06.28"]
[Round "3.13"]
[White "Kohler, Aran"]
[Black "Goes, Sten"]
[Result "1-0"]
[WhiteElo "2195"]
[BlackElo "1976"]
[ECO "A45e"]
[EventDate "2008.06.??"]
[Opening "Indian"]
[Variation "2.c3 g6 3.Bg5"]
[TimeControl "120"]
[PlyCount "105"]
[EventType "swiss"]
[EventRounds "6"]
[EventCountry "NED"]

{79MB, power.ctg, FUJITSU} 
1.d4 Nf6 2.c3 g6 3.Bg5 Bg7 4.Nd2 d5 5.e3 Bf5 6.Qb3 Nbd7 7.Bxf6 Nxf6 8.Qxb7
Rb8 9.Bb5+ Kf8 10.Qa6 Rb6 11.Qa5 Qb8 12.Ba4 Bd3 13.b3 Kg8 14.Ngf3 Ra6 15.
Qb4 Qxb4 16.cxb4 Ne4 17.Rc1 f5 18.Rxc7 Kf7 19.b5 Rb6 20.Nxe4 dxe4 21.Ng5+ 
Kf6 22.f4 h6 23.Nh3 e6 24.Nf2 Bxb5 25.Bxb5 Rxb5 26.g4 Bf8 27.h4 Be7 28.
Rxa7 Rb6 29.Kd2 Rc6 30.Rc1 Bb4+ 31.Kd1 Rxc1+ 32.Kxc1 g5 33.hxg5+ hxg5 34.
fxg5+ Kxg5 35.Kd1 Rh2 36.Ke2 Bd6 37.gxf5 exf5 38.Kf1 Kf6 39.Kg1 Rh8 40.Ra6
Ke7 41.Rc6 Rg8+ 42.Kf1 Rg3 43.Ke2 Rg2 44.Kf1 Rh2 45.Rc2 Bg3 46.Re2 Kd7 47.
a4 Kc6 48.b4 Kb6 49.a5+ Ka6 50.Rc2 f4 51.Rc6+ Kb7 52.Rb6+ Ka7 53.Nxe4 1-0

[Event "ROC Novacollege-toernooi"]
[Site "Haarlem"]
[Date "2008.06.28"]
[Round "4.20"]
[White "Goes, Sten"]
[Black "Fasel, Ton"]
[Result "1-0"]
[WhiteElo "1976"]
[BlackElo "1748"]
[ECO "B19b"]
[EventDate "2008.06.??"]
[Opening "Caro-Kann"]
[Variation "Classical, 7.Nf3 e6"]
[TimeControl "120"]
[PlyCount "63"]
[EventType "swiss"]
[EventRounds "6"]
[EventCountry "NED"]

{79MB, power.ctg, FUJITSU} 
1.e4 c6 2.d4 d5 3.Nc3 dxe4 4.Nxe4 Bf5 5.Ng3 Bg6 6.h4 h6 7.Nf3 e6 8.Bf4 Bd6
9.Ne5 Bxe5 10.Bxe5 Nf6 11.Bd3 Bxd3 12.Qxd3 Nbd7 13.Bd6 Qa5+ 14.c3 Qd5 15.
Bf4 Qxg2 16.O-O-O Qd5 17.Kb1 Nb6 18.f3 a5 19.Ne4 O-O-O 20.b3 Nxe4 21.fxe4 
Qd7 22.Bh2 f6 23.Qg3 e5 24.dxe5 Qc7 25.Qg4+ Nd7 26.exf6 Qb6 27.fxg7 Rhg8 
28.Qg3 a4 29.Rxd7 Kxd7 30.Rd1+ Ke7 31.Qe5+ Kf7 32.Rf1+ 1-0

[Event "ROC Novacollege-toernooi"]
[Site "Haarlem"]
[Date "2008.06.29"]
[Round "5.25"]
[White "Goes, Sten"]
[Black "Leinwand, Eduard"]
[Result "1/2-1/2"]
[WhiteElo "1976"]
[BlackElo "1744"]
[ECO "B46a"]
[EventDate "2008.06.??"]
[Opening "Sicilian"]
[Variation "Taimanov, 5...a6"]
[TimeControl "120"]
[PlyCount "103"]
[EventType "swiss"]
[EventRounds "6"]
[EventCountry "NED"]

{79MB, power.ctg, FUJITSU} 
1.e4 c5 2.Nf3 e6 3.d4 cxd4 4.Nxd4 Nc6 5.Nc3 a6 6.Bc4 Nge7 7.O-O Nxd4 8.Qxd4
Nc6 9.Qd1 b5 10.Bb3 Bb7 11.Bf4 Rc8 12.Qg4 h5 13.Qg3 Nd4 14.Rfe1 h4 15.Qg4 
b4 16.Nd5 Nxc2 17.Bxc2 Rxc2 18.Ne3 Rc5 19.Nf5 g6 20.Nd6+ Bxd6 21.Bxd6 Qg5 
22.Qe2 Rb5 23.Rac1 Bc6 24.a4 bxa3 25.bxa3 h3 26.g3 f6 27.Rc3 Kf7 28.Rec1 
Rc8 29.Bf4 Qh5 30.Qd3 Ke8 31.Bd6 Qh7 32.Rc5 g5 33.f3 Rxc5 34.Rxc5 g4 35.
Qxa6 Ra8 36.Qd3 gxf3 37.Qxf3 Qxe4 38.Qxe4 Bxe4 39.Rh5 Ra6 40.Bb4 Bf5 41.
Kf2 Rc6 42.Kf3 Rc4 43.Rh8+ Kf7 44.Rf8+ Kg7 45.Rb8 e5 46.Rb6 Be4+ 47.Ke3 
Bc6 48.Bd2 Kf7 49.Rb8 d5 50.Rh8 Bd7 51.Bb4 Rc2 52.Rh7+ 1/2-1/2